 Dungeon Crawl Stone Soup version 0.24.0-37-gcf1ca852f1 (webtiles) character file.

Game seed: 4285969491966049446, levelgen mode: deterministic

187 Mrkan the Covered (level 5, -4/33 HPs)
             Began as a Gargoyle Fighter on Nov 26, 2019.
             Was a Follower of Trog.
             Killed by divine providence
             ... invoked by an orc priest
              (9 damage)
             ... on level 3 of the Dungeon.
             The game lasted 00:03:45 (1923 turns).

Mrkan the Covered (Gargoyle Fighter)                Turns: 1923, Time: 00:03:45

Health: -4/33      AC: 11    Str: 20    XL:     5   Next: 66%
Magic:  5/5        EV:  7    Int:  9    God:    Trog [*.....]
Gold:   104        SH:  9    Dex:  9    Spells: 4/4 levels left

rFire    . . .     SeeInvis .   a - +0 flail
rCold    . . .     Gourm    .   c - +0 shield
rNeg     + . .     Faith    .   b - +0 scale mail
rPois    ∞         Spirit   .   (no helmet)
rElec    +         Reflect  .   (no cloak)
rCorr    .         Harm     .   (no gloves)
MR       .....                  (no boots)
Stlth    ..........             (no amulet)
HPRegen  0.11/turn              (no ring)
MPRegen  0.09/turn              (no ring)

@: no status effects
A: negative energy resistance 1, electricity resistance, unbreathing,
petrification resistance, rot immunity, AC +4
a: Berserk, Renounce Religion


You were on level 3 of the Dungeon.
You worshipped Trog.
Trog was aware of your devotion.
You were not hungry.

You visited 1 branch of the dungeon, and saw 3 of its levels.

You collected 104 gold pieces.

Inventory:

Hand Weapons
 a - a +0 flail (weapon)
Armour
 b - a +0 scale mail (worn)
 c - a +0 shield (worn)
Jewellery
 o - an uncursed amulet of the acrobat {unknown}
Scrolls
 e - a scroll of amnesia {unknown}
 g - 2 scrolls of teleportation {unknown}
 n - a scroll of blinking {unknown}
Potions
 d - a potion of might
 h - 3 potions of lignification {unknown}
 i - 2 potions of cancellation {unknown}
 j - a potion of brilliance {unknown}
 l - a potion of agility {unknown}
 m - a potion of berserk rage {unknown}
Comestibles
 f - 4 rations
 k - 5 chunks of flesh


   Skills:
 + Level 4.2 Fighting
 * Level 3.9 Maces & Flails
 + Level 4.2 Armour
 + Level 4.1 Shields


You had 4 spell levels left.
You didn't know any spells.
Your spell library was empty.

Dungeon Overview and Level Annotations

Branches:
Dungeon (3/15)

Altars:
Gozag
Trog


Innate Abilities, Weirdness & Mutations

You are resistant to torment.
Your stone body is resilient. (AC +4)
You are immune to poison.
You resist negative energy. (rN+)
You are resistant to electric shocks. (rElec)
You can survive without breathing.
You are immune to petrification.
You are immune to rotting.


Message History

You block the giant cockroach's attack.
The orc throws a boomerang.
The boomerang closely misses you.
The weapon returns to the orc!
The orc priest miscasts a cantrip.
The giant cockroach bites you but does no damage.
The orc hits you but does no damage. x2
You block the orc's attack.
A bat comes into view.
The orc priest looks encouraged for a moment.
A goblin comes into view. It is wielding a +0 dagger.
You block the orc's attack.
The goblin shouts!
The giant cockroach bites you but does no damage.
You block the orc priest's attack.
The orc hits you from afar with a +0 trident.
* * * LOW HITPOINT WARNING * * *
You block the bat's attack.
The orc priest invokes the aid of Beogh against you.
Beogh smites you!
You die...

..... .. ..... ...
.... .... #########
###.###...#
#.......###.g........
#.......#<...........
#........@...........
#.......#b.......?...
#......)ooso......)..
#......)#............
#.......#............
#.......##o..........
#.......###..........
#####.soo..o..####.$.
#.........# ...


You could see an orc priest, 4 orcs, a giant cockroach, a goblin and a bat.

Vanquished Creatures
  An orc priest (D:3)
  Jessica (D:2)
  An orc wizard (D:3)
  4 adders
  2 worms (D:2)
  5 dart slugs (D:1)
  4 orcs (D:3)
  2 giant cockroaches (D:2)
  7 goblins
  7 hobgoblins
  4 kobolds
  3 quokkas (D:2)
  2 ball pythons (D:2)
  3 bats
  4 frilled lizards
  5 rats
55 creatures vanquished.

Notes
Turn   | Place    | Note
-------+----------+-------------------------------------------
     0 | D:1      | Mrkan the Gargoyle Fighter began the quest for the Orb.
     0 | D:1      | Reached XP level 1. HP: 14/14 MP: 1/1
    50 | D:1      | Reached XP level 2. HP: 16/19 MP: 2/2
   527 | D:1      | Reached XP level 3. HP: 23/23 MP: 3/3
   973 | D:2      | Found a faded altar of an unknown god.
  1251 | D:2      | Reached XP level 4. HP: 25/29 MP: 4/4
  1297 | D:2      | Became a worshipper of Trog the Wrathful
  1297 | D:2      | Reached * piety under Trog
  1370 | D:2      | Noticed Jessica
  1384 | D:2      | Killed Jessica
  1685 | D:2      | Found an opulent altar of Gozag.
  1738 | D:3      | Reached XP level 5. HP: 32/33 MP: 5/5
  1923 | D:3      | Killed from afar by an orc priest

Levels and vault maps discovered:
D:1:      lemuel_arrival_room, layout_basic
D:2:      layout_loops_ring, lemuel_coloured_pillars_altar,
          chequers_ecumenical_altar_island, uniq_jessica
D:3:      layout_rooms, nicolae_overflow_hidden_temple, minmay_curled_crystal,
          uniq_crazy_yiuf_cottage

Skill      XL: |  1  2  3  4  5 |
---------------+----------------+-----
Maces & Flails | 3 |  3.9
Fighting       | 4 |  4.2
Armour         | 4 |  4.2
Shields        | 4 |  4.1

Action                   |  1- 3 |  4- 6 || total
-------------------------+-------+-------++-------
Melee: Flail             |   145 |    97 ||   242
Invok: Berserk           |       |     1 ||     1
  Eat: Chunk             |     1 |     4 ||     5
Armor: Scale mail        |    79 |    76 ||   155
Dodge: Dodged            |    53 |    38 ||    91
Block: Shield            |    88 |    65 ||   153
